 Dungeon Crawl Stone Soup version 0.30-a0-1043-g60ff8d5f49 (webtiles) character file.

Game seed: 10405962841218460741

9227 dduke234 the Basher (level 11, -8/107 HPs)
             Began as an Armataur Fighter on Apr 10, 2023.
             Was a Plaything of Xom.
             Mangled by a tentacled starspawn (26 damage)
             ... on level 2 of the Abyss.
             The game lasted 00:28:58 (7950 turns).

dduke234 the Basher (Armataur Fighter)              Turns: 7950, Time: 00:28:59

Health: -8/107     AC: 27    Str: 30    XL:     11   Next: 20%
Magic:  9/9        EV: 11    Int: 13    God:    Xom [.....*]
Gold:   308        SH:  0    Dex:  8    Spells: 10/10 levels left

rFire   . . .      SeeInvis .    s - +4 dire flail (protect)
rCold   . . .      Faith    .    (shield currently unavailable)
rNeg    . . .      Spirit   .    r - +4 scale mail
rPois   .          Reflect  .    (no helmet)
rElec   +          Roll     +    (no cloak)
rCorr   +                        (no gloves)
Will    .....                    m - +2 barding "Vocw" {Fly rElec rCorr Str+3} Stlth
                                 (no amulet)
HPRegen 0.37/turn                B - +5 ring of evasion
MPRegen 0.11/turn                x - +6 ring of intelligence

@: mighty, under a protective aura, flying, studying Necromancy
A: large, rugged brown scales 3, deformed body, armoured tail, roll, long
tongue, awkward tongue, clumsy 1, dopey 1, low MP 1, passive freeze, robust 1,
electricity resistance, strong 1
a: Renounce Religion


You were on level 2 of the Abyss.
You worshipped Xom.
You were Xom's teddy bear.
You visited 2 branches of the dungeon, and saw 10 of its levels.
You visited the Abyss 1 time.

You collected 469 gold pieces.
You spent 161 gold pieces at shops.

Inventory:

Hand Weapons
 a - a +1 long sword
 d - a +0 mace of protection
 s - a +4 dire flail of protection (weapon)
Missiles
 y - a throwing net (quivered)
Armour
 b - a +1 scale mail
 m - the +2 barding "Vocw" (worn) {Fly rElec rCorr Str+3}
   (You acquired it on level 8 of the Dungeon)

   Str:       It affects your strength (+3).
   rElec:     It insulates you from electricity.
   Fly:       It grants you flight.
   rCorr:     It protects you from acid and corrosion.
 r - a +4 scale mail (worn)
Jewellery
 c - a ring of ice
 j - a ring of protection from fire
 l - a ring of magical power
 n - a ring of poison resistance
 x - a +6 ring of intelligence (right hand)
 B - a +5 ring of evasion (left hand)
Wands
 u - a wand of flame (10)
 z - a wand of paralysis (19)
Scrolls
 e - 2 scrolls of enchant weapon
 h - 2 scrolls of vulnerability
 o - 2 scrolls of teleportation
 q - 2 scrolls of blinking
 A - a scroll of immolation
 D - a scroll of brand weapon
 F - 2 scrolls of identify
Potions
 f - 3 potions of degeneration
 g - a potion of ambrosia
 i - 4 potions of flight
 k - 2 potions of might
 p - a potion of magic
 t - a potion of brilliance
 v - a potion of curing
 w - 2 potions of attraction


   Skills:
 * Level 7.3 Fighting
 - Level 2.5 Long Blades
 * Level 11.8 Maces & Flails
 * Level 10.7 Armour
 - Level 1.2 Dodging
 - Level 1.0 Stealth
 - Level 4.5 Shields


You had 10 spell levels left.
You didn't know any spells.
Your spell library contained the following spells:

 Spells                   Type           Power      Damage    Failure   Level
 Magic Dart               Conj           0%         1d3       50%         1
 Sandblast                Erth           0%         2d4       50%         1
 Call Imp                 Summ           0%         N/A       63%         2
 Passwall                 Tmut/Erth      0%         N/A       63%         2
 Sublimation of Blood     Necr           0%         N/A       63%         2
 Mephitic Cloud           Conj/Pois/Air  0%         N/A       86%         3
 Ozocubu's Armour         Ice            0%         N/A       86%         3
 Portal Projectile        Hex/Tloc       0%         N/A       86%         3
 Stone Arrow              Conj/Erth      0%         3d7       86%         3
 Tukima's Dance           Hex            0%         N/A       86%         3
 Petrify                  Tmut/Erth      0%         N/A       99%         4
 Blade Hands              Tmut           0%         N/A       100%        5
 Irradiate                Conj/Tmut      0%         3d11      100%        5
 Ozocubu's Refrigeration  Ice            0%         4d7       100%        7


Dungeon Overview and Level Annotations

Branches:
Dungeon (9/15)             Temple (1/1) D:7             Orc (0/2) D:9
   Lair: D:8-11

Altars:
Cheibriados
Kikubaaqudgha
Makhleb
Okawaru
Qazlal
Uskayaw
Wu Jian
Xom
Yredelemnul

Shops:
D:4 [   D:9 (

Annotations:
D:4 1 transporter, Esekla's ghost, weakling OpDe
D:9 Erolcha; Prince Ribbit


Innate Abilities, Weirdness & Mutations

You are completely covered in rugged brown scales. (AC +3, +7% HP)
Armour fits poorly on your strangely shaped body.
You have a long armoured tail.
You roll when moving toward enemies. (Rampage)
Your long tongue fully drains potion bottles. (2x potion effects)
Your tongue gives you trouble enunciating. (1.5x scroll delay)
You are clumsy. (Dex -2)
You are dopey. (Int -2)
Your magical capacity is low. (-10% MP)
A frigid envelope surrounds you and freezes all who hurt you.
You are robust. (+10% HP)
You are resistant to electric shocks. (rElec)
Your muscles are strong. (Str +4, Int/Dex -1)


Message History

You kill the raiju!
You impale the raiju!!
Your tail-slap misses the raiju.
The raiju is almost dead.
The raiju bursts into living lightning!
The living lightning hits you. You resist.
* * * LOW HITPOINT WARNING * * *
The raiju blinks!
You puncture the raiju!
You kill the raiju!
Unknown command.
You thump the large abomination!
You tail-slap the large abomination, but do no damage.
The large abomination is moderately damaged.
Tentacles burst from the starspawn's body!
The large abomination hits you but does no damage.
The large abomination is very cold.
The large abomination is heavily damaged. 2 starspawn tentacles come into view.
You impale the large abomination!!
You destroy the large abomination!
You thump the raiju!
You kill the raiju!
You hear Xom's avuncular chuckle.
The tentacled starspawn is moving more slowly.
You are now Xom's teddy bear.
The starspawn tentacle grabs you.
The starspawn tentacle is very cold.
The starspawn tentacle is lightly damaged.
The starspawn tentacle constricts you.
You puncture the tentacled starspawn!
The starspawn tentacle loses its grip on you.
The tentacled starspawn is lightly damaged.
The starspawn tentacle closely misses you.
You puncture the tentacled starspawn!
The tentacled starspawn is lightly damaged.
You bludgeon the tentacled starspawn!! You tail-slap the tentacled starspawn!
The tentacled starspawn is heavily damaged.
The starspawn tentacle closely misses you.
The tentacled starspawn bites you!!
You die...
Xom cackles wildly!

# #. .## .##
#.#### #..
.#.....#... #.# .
#... #....## ...
#####.. #.
..###.# . ..
.#....#@X.# . .
...... ##w#w#.###
. .... .. ..§..†.
...w. . . .......
#...##.### .
.....
............ ..
..∩
...#..##...######
. .. . #.
.#.##..... .
.∩...... #.####
... .#.#...#.#


You could see a tentacled starspawn (petrifying) and 2 starspawn tentacles.

Vanquished Creatures
  A tentacled starspawn (Abyss:2)
  A two-headed ogre (D:8)
  A large abomination (Abyss:2)
  Pikel (D:4)
  Joseph (D:9)
  A smoke demon (Abyss:2)
  Grinder (D:4)
  4 raiju (Abyss:2)
  A wyvern (D:6)
  3 yaks (D:8)
  Eustachio (D:5)
  3 steam dragons
  A chaos spawn (Abyss:2)
  Menkaure (D:5)
  A warg (D:9)
  Edmund (D:4)
  2 water moccasins
  A sky beast (D:6)
  2 ice beasts
  5 orc warriors
  5 ogres
  2 phantoms
  3 lemures (D:4)
  3 kobold brigands
  2 bullfrogs (D:6)
  3 wights (D:8)
  2 scorpions
  A small abomination (Abyss:2)
  A killer bee (D:8)
  3 jellies
  6 orc priests
  A hound (D:5)
  A gnoll bouda (D:5)
  5 iguanas
  3 sleepcaps
  Ijyb (D:4)
  Jessica (D:2)
  Terence (D:2)
  11 orc wizards
  7 gnolls (D:5)
  6 adders
  A white imp (D:5)
  3 ufetubi (D:5)
  2 worms (D:2)
  6 dart slugs
  37 orcs
  5 ball pythons
  9 endoplasms
  A giant cockroach (D:4)
  8 goblins
  12 hobgoblins
  2 jackals (D:3)
  8 quokkas
  3 bats
  3 frilled lizards
  23 kobolds
  5 rats
  A starspawn tentacle (Abyss:2)
230 creatures vanquished.

Vanquished Creatures (collateral kills)
  A wight (D:8)
  An orc priest (D:8)
  2 orcs (D:8)
  2 kobolds (D:8)
6 creatures vanquished.

Vanquished Creatures (others)
  A kobold brigand (D:8)
  An orc (D:8)
  3 plants (D:9)
  4 starspawn tentacles (Abyss:2)
9 creatures vanquished.

Grand Total: 245 creatures vanquished

Notes
Turn   | Place    | Note
-------+----------+-------------------------------------------
     0 | D:1      | dduke234 the Armataur Fighter began the quest for the Orb.
     0 | D:1      | Reached XP level 1. HP: 19/19 MP: 1/1
   214 | D:1      | Reached XP level 2. HP: 24/26 MP: 2/2
   915 | D:2      | Reached XP level 3. HP: 30/33 MP: 3/3
   937 | D:2      | Noticed Terence
   951 | D:2      | Killed Terence
  1109 | D:2      | Reached XP level 4. HP: 40/40 MP: 4/4
  1424 | D:2      | Found a faded altar of an unknown god.
  1424 | D:2      | Noticed Jessica
  1427 | D:2      | Killed Jessica
  1727 | D:2      | Gained mutation: You are dopey. (Int -2) [potion of
                  | mutation]
  1727 | D:2      | Gained mutation: A frigid envelope surrounds you and
                  | freezes all who hurt you. [potion of mutation]
  1727 | D:2      | Gained mutation: You are robust. (+10% HP) [potion of
                  | mutation]
  1727 | D:2      | Gained mutation: You are clumsy. (Dex -2) [potion of
                  | mutation]
  1727 | D:2      | Gained mutation: You are resistant to electric shocks.
                  | (rElec) [potion of mutation]
  1881 | D:3      | Reached XP level 5. HP: 51/52 MP: 5/5
  1883 | D:3      | Reached skill level 5 in Armour
  1996 | D:3      | Reached skill level 1 in Maces & Flails
  2442 | D:4      | Found Boiphav's Antique Armour Shop.
  2461 | D:4      | Reached skill level 1 in Dodging
  2463 | D:4      | Reached XP level 6. HP: 19/59 MP: 6/6
  2633 | D:4      | Bought a shiny scale mail for 161 gold pieces
  2690 | D:4      | Noticed Edmund
  2691 | D:4      | Found a shimmering altar of Xom.
  2695 | D:4      | Reached skill level 2 in Maces & Flails
  2705 | D:4      | Killed Edmund
  2883 | D:4      | Became a worshipper of Xom of Chaos
  2884 | D:4      | XOM: silly message
  3052 | D:4      | Found a transporter.
  3054 | D:4      | Noticed Esekla's ghost (weakling OpDe)
  3090 | D:4      | XOM: silly message
  3359 | D:4      | Reached XP level 7. HP: 67/67 MP: 7/7
  3379 | D:4      | XOM: silly message
  3524 | D:4      | XOM: divination: detect creatures
  3532 | D:4      | Noticed Grinder
  3534 | D:4      | XOM: silly message
  3541 | D:4      | Reached skill level 3 in Maces & Flails
  3561 | D:4      | Killed Grinder
  3562 | D:4      | Reached skill level 1 in Stealth
  3682 | D:4      | Noticed Ijyb
  3689 | D:4      | Killed Ijyb
  3736 | D:4      | Noticed Pikel
  3747 | D:4      | Killed Pikel
  3748 | D:4      | Reached skill level 5 in Maces & Flails
  3748 | D:4      | Reached XP level 8. HP: 42/78 MP: 8/8
  3904 | D:5      | Entered Level 5 of the Dungeon
  4173 | D:5      | XOM: cast spell 'Olgreb's Toxic Radiance'
  4178 | D:5      | Reached skill level 6 in Maces & Flails
  4258 | D:5      | Noticed Eustachio
  4260 | D:5      | XOM: cast spell 'Call Canine Familiar'
  4265 | D:5      | Killed Eustachio
  4550 | D:5      | XOM: silly message
  4592 | D:5      | XOM: summons 2 hostile demons
  4724 | D:5      | Reached skill level 7 in Maces & Flails
  4724 | D:5      | Reached XP level 9. HP: 76/85 MP: 9/9
  4765 | D:5      | Reached skill level 5 in Fighting
  4899 | D:5      | XOM is BORED!
  4899 | D:5      | XOM: summons 2 hostile shadow creatures
  4969 | D:5      | Noticed Menkaure
  4969 | D:5      | XOM: give mutation
  4969 | D:5      | Gained mutation: Your muscles are strong. (Str +4, Int/Dex
                  | -1) [Xom's mischief]
  4973 | D:5      | Killed Menkaure
  5201 | D:6      | XOM: summons 1 hostile demon
  5258 | D:6      | XOM: summons 5 hostile demons
  5461 | D:6      | Reached skill level 8 in Maces & Flails
  5503 | D:6      | Found a hide-covered altar of Uskayaw.
  5891 | D:6      | XOM: give mutations
  5891 | D:6      | Gained mutation: Your magical capacity is low. (-10% MP)
                  | [Xom's mischief]
  5891 | D:6      | Gained mutation: You are vulnerable to heat. (rF-) [Xom's
                  | mischief]
  5891 | D:6      | Lost mutation: You are vulnerable to heat. (rF-) [Xom's
                  | mischief]
  6022 | D:7      | XOM: silly message
  6132 | D:7      | XOM: enchant monster (bad)
  6133 | D:7      | Reached skill level 9 in Maces & Flails
  6393 | D:7      | Found a staircase to the Ecumenical Temple.
  6449 | D:7      | XOM is BORED!
  6650 | Temple   | Entered the Ecumenical Temple
  6738 | D:8      | XOM: noise
  6751 | D:8      | Reached XP level 10. HP: 97/97 MP: 9/9
  6753 | D:8      | XOM: noise
  6777 | D:8      | XOM: noise
  6793 | D:8      | XOM: potion effect (curing)
  6805 | D:8      | Identified a scroll of acquirement
  6805 | D:8      | Acquired the +2 barding "Vocw" {Fly rElec rCorr Str+3}
  6856 | D:8      | Reached skill level 10 in Maces & Flails
  6890 | D:8      | XOM: 1-stop teleportation journey
  6965 | D:8      | Noticed a two-headed ogre
  6966 | D:8      | XOM: chaos upgrade
  6969 | D:8      | Killed a two-headed ogre
  6970 | D:8      | Reached skill level 10 in Armour
  7065 | D:8      | XOM: silly message
  7163 | D:8      | XOM: noise
  7320 | D:8      | XOM: cloud trail
  7793 | D:9      | Found a staircase to the Orcish Mines.
  7793 | D:9      | Found Wealefad's Weapon Shoppe.
  7796 | D:9      | XOM is BORED!
  7796 | D:9      | XOM: noise
  7811 | D:9      | Noticed Prince Ribbit
  7812 | D:9      | Noticed Joseph
  7816 | D:9      | Noticed Erolcha
  7825 | D:9      | Killed Joseph
  7836 | Abyss:2  | XOM: stealth player
  7836 | Abyss:2  | Found a corrupted altar of Lugonu.
  7836 | Abyss:2  | Cast into level 2 of the Abyss (Erolcha)
  7879 | Abyss:2  | Noticed a tentacled starspawn
  7888 | Abyss:2  | Killed a tentacled starspawn
  7889 | Abyss:2  | Reached skill level 11 in Maces & Flails
  7903 | Abyss:2  | Reached XP level 11. HP: 51/107 MP: 5/9
  7934 | Abyss:2  | Noticed a tentacled starspawn
  7940 | Abyss:2  | Noticed a large abomination
  7946 | Abyss:2  | Killed a large abomination
  7947 | Abyss:2  | XOM: enchant monster (good)
  7950 | Abyss:2  | Mangled by a tentacled starspawn

Illustrated notes

Levels and vault maps discovered:
D:1:      saegor_arrival_simple_e, layout_loops_ring, chequers_decorated_corner
D:2:      layout_basic, basic_ecumenical_altar, uniq_jessica, uniq_terence
D:3:      layout_loops_cross
D:4:      layout_layer_cave, mainiacjoe_overflow_small_starburst,
          gammafunk_ghost_mausoleum, nicolae_stop_n_shop_1,
          chequers_hall_statues_corner_a, minmay_manual_mail, uniq_edmund,
          uniq_grinder, uniq_ijyb, uniq_pikel
D:5:      layout_basic, nicolae_hexahallways, amcnicky_mini_pool_medium,
          uniq_eustachio, uniq_menkaure
D:6:      layout_loops_corners, nicolae_uskayaw_murder_on_the_dancefloor,
          kennysheep_flooded_box, dk_noncrumbling_3
D:7:      layout_rooms, minmay_temple_entry_offerings
D:8:      layout_basic, nrook_pool_corridor, minmay_bent
D:9:      minmay_octagon_keep, layout_small_grid, nicolae_tso_carved_into_rock,
          erik_lair_orcish_takeover, orc_david_3, serial_glass, glass_columns_a,
          glass_columns_c, serial_bayou_pond_c, uniq_prince_ribbit1,
          uniq_erolcha, uniq_joseph
Temple:   nicolae_temple_bog_church
Abyss:2:  base:
D:1

Skill      XL: |  1  2  3  4  5  6  7  8  9 10 |
---------------+-------------------------------+-----
Armour         | 4 5 6 7 8 9 10 | 10.7
Fighting       | 3 4 5 7 |  7.3
Long Blades    | 2 |  2.5
Maces & Flails | 1 2 5 7 9 11 | 11.8
Shields        | 4 |  4.5
Dodging        | 1 |  1.2
Stealth        | 1 |  1.0

Action                     |  1- 3 |  4- 6 |  7- 9 | 10-12 || total
---------------------------+-------+-------+-------+-------++-------
  Melee: Long sword        |    85 |       |       |       ||    85
         Tailslap          |     9 |    18 |    29 |    18 ||    74
         Mace              |     7 |    85 |       |       ||    92
         Dire flail        |       |    16 |   230 |   117 ||   363
    Use: Scroll            |     4 |     6 |     6 |     3 ||    19
         Potion            |     3 |     4 |       |     4 ||    11
 Armour: Scale mail        |    55 |    61 |    96 |    45 ||   257
  Dodge: Dodged            |    45 |    42 |   105 |    59 ||   251
  Block: Buckler           |    13 |    18 |       |       ||    31

Table legend: (Time is in decaauts)
 A = Elapsed time spent in this place.
 B = Non-inter-level travel time spent in this place.
 C = Inter-level travel time spent in this place.
 D = Time resting spent in this place.
 E = Time spent auto-exploring this place.
 F = Levels seen in this place.
 G = Mean time per level.
                   A        B        C        D        E       F      G
               +--------+--------+--------+--------+--------+-----+--------+
         Total |   7995 |   7725 |    270 |      0 |   6233 |  11 |  726.8 |
       Dungeon |   7885 |   7615 |    270 |      0 |   6182 |   9 |  876.1 |
        Temple |      3 |      3 |      0 |      0 |      0 |   1 |    3.0 |
         Abyss |    106 |    106 |      0 |      0 |     51 |   1 |  106.0 |
               +--------+--------+--------+--------+--------+-----+--------+

Top non-repeatable levels by time:
     D:4: 1501 daAuts
     D:5: 1144 daAuts
     D:8: 1036 daAuts
     D:2: 996 daAuts
     D:6: 966 daAuts
     D:1: 839 daAuts
     D:7: 713 daAuts
     D:3: 648 daAuts
 Abyss:2: 106 daAuts
     D:9: 37 daAuts
  Temple: 3 daAuts
